 Dungeon Crawl Stone Soup version 0.27.0-1-g7a089689b8 (webtiles) character file.

Game seed: 3182790396931972769

14562 Rayvis the Thaumaturge (level 12, -8/86 HPs)
             Began as a Djinni Venom Mage on Aug 15, 2021.
             Was an Elder of Makhleb.
             Killed by refrigeration
             ... invoked by Fannar
              (40 damage)
             ... on level 11 of the Dungeon.
             The game lasted 00:27:16 (12919 turns).

Rayvis the Thaumaturge (Djinni Venom Mage)         Turns: 12919, Time: 00:27:16

Health: -8/86      AC: 14    Str:  7    XL:     12   Next: 46%
Gold:   315        EV: 16    Int: 21    God:    Makhleb [****..] SH:  0 Dex: 15

rFire    + + .     SeeInvis .   h - staff of earth
rCold    x . .     Faith    .   (no shield)
rNeg     . . .     Spirit   .   D - +0 steam dragon scales
rPois    ∞         Reflect  .   y - +2 helmet
rElec    .         Harm     .   (no cloak)
rCorr    .         Rampage  .   p - +1 pair of gloves
Will     +....                  (boots unavailable)
Stlth    ++........             (no amulet)
HPRegen  0.24/turn              d - +4 ring of protection
MPRegen  0.00/turn              f - +4 ring of evasion

@: flying
A: sickness immunity, fire resistance 2, cold vulnerability 1, float, innate
caster, hp casting, extra vitality 1
a: Renounce Religion, Minor Destruction, Lesser Servant of Makhleb, Major
Destruction


You were on level 11 of the Dungeon.
You worshipped Makhleb.
Makhleb was greatly pleased with you.
You visited 2 branches of the dungeon, and saw 12 of its levels.

You collected 427 gold pieces.
You spent 112 gold pieces at shops.

Inventory:

Hand Weapons
 i - a +5 vampiric broad axe
 x - the +5 scythe "Finisher" {speed, eviscerate}
   (You found it on level 8 of the Dungeon)

   Attacks with this weapon are significantly faster.
   It may eviscerate those it strikes, slaying them instantly, with a decreasing
   chance against stronger foes.
 C - a +0 vampiric hand axe
Armour
 p - a +1 pair of gloves (worn)
 y - a +2 helmet (worn)
 D - +0 steam dragon scales (worn)
Magical Staves
 h - a staff of earth (weapon)
 u - a staff of conjuration
Jewellery
 b - a ring of positive energy
 d - a +4 ring of protection (left hand)
 e - a ring of ice
 f - a +4 ring of evasion (right hand)
 q - a ring of see invisible
 v - the ring "Taschych" {rF+ rC+}
   (You acquired it on level 6 of the Dungeon)

   [ring of protection from cold]

   rF:        It protects you from fire.
   rC:        It protects you from cold.
 w - a ring of resist corrosion
 B - a ring of fire
Wands
 a - a wand of mindburst (16)
 m - a wand of flame (84)
 z - a wand of iceblast (10)
 E - a wand of charming (4)
Scrolls
 c - 5 scrolls of teleportation
 g - 4 scrolls of identify
 k - 2 scrolls of vulnerability
 l - 2 scrolls of enchant armour
 o - a scroll of magic mapping
 A - a scroll of holy word
Potions
 j - a potion of flight
 n - a potion of mutation
 r - a potion of curing
 s - 2 potions of attraction
 t - a potion of brilliance


   Skills:
 + Level 7.7 Fighting
 + Level 5.1 Axes
 - Level 2.1 Dodging
 - Level 1.5 Stealth
 * Level 11.5 Spellcasting
 + Level 7.7 Evocations


You had 10 spell levels left.
You knew the following spells:

 Your Spells              Type           Power      Damage    Failure   Level
a - Sting                 Tmut/Pois      100%       1d8       1%          1
b - Poisonous Vapours     Pois/Air       100%       N/A       1%          2
c - Mephitic Cloud        Conj/Pois/Air  57%        N/A       1%          3
d - Olgreb's Toxic Radia  Pois           57%        N/A       1%          4
e - Foxfire               Conj/Fire      100%       2x1d9     1%          1
f - Passwall              Tmut/Erth      61%        N/A       1%          2
g - Stone Arrow           Conj/Erth      100%       3d13      1%          3
h - Gell's Gravitas       Tloc           28%        N/A       1%          3
i - Bolt of Magma         Conj/Fire/Erth 37%        4d16      1%          5
Your spell library was empty.

Dungeon Overview and Level Annotations

Branches:
Dungeon (11/15)            Temple (1/1) D:4            Lair (0/6) D:11
    Orc: D:9-12

Altars:
Ashenzari
Cheibriados
Dithmenos
Elyvilon
Fedhas
Gozag
Hepliaklqana
Kikubaaqudgha
Makhleb
Nemelex Xobeh
Okawaru
Qazlal
Ru
Sif Muna
Trog
Uskayaw
Vehumet
Wu Jian
Xom
Yredelemnul
Zin
The Shining One

Shops:
D:9 ?=

Annotations:
D:2 1 runed translucent door, Crazy Yiuf
D:11 Fannar


Innate Abilities, Weirdness & Mutations

You are immune to sickness and miasma.
You are immune to poison.
Your flesh is very heat resistant. (rF++)
You are vulnerable to cold. (rC-)
You float through the air rather than walking.
You learn spells naturally, not from books.
Your magical power is your life essence.
You have superior vitality. (+4 HP)


Message History

Aiming: Poisonous Vapours (safe; 1% risk of failure)
Press: ? - help, Dir - move target, f/p - Fannar
Aim: Fannar, wielding a staff of cold and wearing a +2 robe of cold resistance (lightly wounded, very poisoned) Poisonous vapours surround Fannar!
Fannar looks as sick as possible!
Fannar mumbles some strange words.
Fannar blinks!
Casting: Poisonous Vapours (safe; 1% risk of failure)
Confirm with . or Enter, or press ? or * to list all spells.
Aiming: Bolt of Magma (dangerous; 1% risk of failure)
Press: ? - help, Shift-Dir - straight line, f/p - Fannar
Aim: Fannar, wielding a staff of cold and wearing a +2 robe of cold resistance (lightly wounded, extremely poisoned, 53% to hit)
You feel a surge of power!
The bolt of magma hits Fannar!!!
Fannar is heavily wounded.
Casting: Bolt of Magma (dangerous; 1% risk of failure)
Confirm with . or Enter, or press ? or * to list all spells.
Aiming: Bolt of Magma (dangerous; 1% risk of failure)
Press: ? - help, Shift-Dir - straight line, f/p - Fannar
Aim: Fannar, wielding a staff of cold and wearing a +2 robe of cold resistance (heavily wounded, extremely poisoned, 53% to hit)
You feel a surge of power!
The bolt of magma misses Fannar.
Fannar casts a spell.
Fannar drains the heat from the surrounding environment!
You feel a terrible chill!
Casting: Bolt of Magma (dangerous; 1% risk of failure)
Confirm with . or Enter, or press ? or * to list all spells.
Aiming: Bolt of Magma (dangerous; 1% risk of failure)
Press: ? - help, Shift-Dir - straight line, f/p - Fannar
Aim: Fannar, wielding a staff of cold and wearing a +2 robe of cold resistance (severely wounded, extremely poisoned, 53% to hit)
You feel a surge of power!
The bolt of magma hits Fannar!!
Fannar is almost dead.
Fannar closely misses you.
Casting: Bolt of Magma (dangerous; 1% risk of failure)
Confirm with . or Enter, or press ? or * to list all spells.
Aiming: Bolt of Magma (dangerous; 1% risk of failure)
Press: ? - help, Shift-Dir - straight line, f/p - Fannar
Aim: Fannar, wielding a staff of cold and wearing a +2 robe of cold resistance (almost dead, extremely poisoned, 53% to hit)
You feel a surge of power!
The bolt of magma misses Fannar.
Fannar casts a spell.
Fannar drains the heat from the surrounding environment!
You feel a terrible chill!
You die...

#..............##...
#..............##...
#..............##...
#........>.....##...
#.......#.....†##...
#.......#.........##
#.......#.........#.
#.................#.
#..@..........###.#.
#..e..........# #.#.
#.............# #.+.
#.............# #.#.
#.............# #.#.
#.............#
#.......###....
#.......# #....


You could see Fannar (extremely poisoned).

Vanquished Creatures
  3 two-headed ogres
  3 death yaks (D:11)
  A skeletal warrior (D:8)
  2 ugly things
  A cyclops (D:6)
  An unseen horror (D:10)
  2 trolls
  A hornet (D:8)
  Prince Ribbit (D:7)
  3 wraiths (D:8)
  A shadow (D:10)
  3 vampires
  17 yaks
  A steam dragon (D:10)
  Edmund (D:5)
  An acid dragon (D:11)
  A water moccasin (D:6)
  2 orc warriors
  A hornet zombie (D:6)
  A sky beast (D:6)
  2 necrophages (D:6)
  2 black bears (D:5)
  4 ogres
  3 centaurs
  2 kobold brigands (D:9)
  7 bullfrogs
  A gnoll sergeant (D:11)
  2 scorpions
  Blork the orc (D:6)
  A water moccasin skeleton (D:4)
  11 killer bees
  4 howler monkeys
  2 centaur zombies
  A bullfrog skeleton (D:5)
  A jelly (D:7)
  4 orc priests
  2 hounds
  2 centaur skeletons
  A hell rat (D:11)
  2 iguanas
  12 orc wizards
  A killer bee zombie (D:6)
  2 howler monkey skeletons (D:5)
  7 adders
  5 gnolls (D:11)
  3 river rats (D:11)
  A shadow imp (D:6)
  2 ufetubi
  3 dart slugs
  A worm (D:2)
  38 orcs
  4 bats
  6 endoplasms
  6 goblins
  8 hobgoblins
  10 jackals
  2 quokkas
  5 ball pythons
  6 frilled lizards
  24 kobolds
  9 rats
257 creatures vanquished.

Vanquished Creatures (others)
  595 foxfires
595 creatures vanquished.

Grand Total: 852 creatures vanquished

Notes
Turn   | Place    | Note
-------+----------+-------------------------------------------
     0 | D:1      | Rayvis the Djinni Venom Mage began the quest for the Orb.
     0 | D:1      | Reached XP level 1. HP: 15/15 MP: 0/0
   283 | D:1      | Reached XP level 2. HP: 18/21 MP: 0/0
   606 | D:1      | Reached skill level 3 in Spellcasting
   764 | D:1      | Reached XP level 3. HP: 9/25 MP: 0/0
   764 | D:1      | Learned a level 1 spell: Foxfire
  1220 | D:1      | Found a faded altar of an unknown god.
  1550 | D:2      | Found a sacrificial altar of Ru.
  2291 | D:2      | Found a runed translucent door.
  2292 | D:2      | Noticed Crazy Yiuf
  2555 | D:3      | Reached XP level 4. HP: 23/31 MP: 0/0
  2557 | D:3      | Found a sparkling altar of Nemelex Xobeh.
  2844 | D:3      | Reached skill level 4 in Spellcasting
  2975 | D:3      | Reached XP level 5. HP: 28/35 MP: 0/0
  2975 | D:3      | Learned a level 2 spell: Passwall
  3555 | D:4      | Found a broken altar of Ashenzari.
  3568 | D:4      | Noticed an ogre
  3570 | D:4      | Noticed an ogre
  3580 | D:4      | Killed an ogre
  3581 | D:4      | Reached skill level 5 in Spellcasting
  3581 | D:4      | Reached XP level 6. HP: 26/40 MP: 0/0
  3581 | D:4      | Killed an ogre
  3854 | D:4      | Reached XP level 7. HP: 33/45 MP: 0/0
  3854 | D:4      | Learned a level 3 spell: Stone Arrow
  4142 | D:4      | Found a white marble altar of Elyvilon.
  4148 | D:4      | Reached skill level 6 in Spellcasting
  4177 | D:4      | Identified the +2 leather armour "Lurriqept" {Rampage Str-3
                  | Stlth+}
  4456 | D:4      | Found a staircase to the Ecumenical Temple.
  4545 | Temple   | Entered the Ecumenical Temple
  4595 | Temple   | Became a worshipper of Makhleb the Destroyer
  4883 | D:4      | Found a blossoming altar of Fedhas.
  5218 | D:5      | Entered Level 5 of the Dungeon
  5282 | D:5      | Noticed Edmund
  5295 | D:5      | Reached XP level 8. HP: 30/50 MP: 0/0
  5305 | D:5      | Killed Edmund
  5306 | D:5      | Reached skill level 7 in Spellcasting
  5482 | D:5      | Found a glowing silver altar of Zin.
  5482 | D:5      | Found a sacrificial altar of Ru.
  5926 | D:5      | Reached skill level 8 in Spellcasting
  6717 | D:6      | Reached skill level 1 in Fighting
  6717 | D:6      | Reached skill level 1 in Evocations
  6717 | D:6      | Reached XP level 9. HP: 52/57 MP: 0/0
  6717 | D:6      | Learned a level 3 spell: Gell's Gravitas
  6718 | D:6      | Reached * piety under Makhleb
  6890 | D:6      | Noticed a cyclops
  6898 | D:6      | Killed a cyclops
  7261 | D:6      | Reached skill level 9 in Spellcasting
  7451 | D:6      | Noticed Blork the orc
  7465 | D:6      | Reached XP level 10. HP: 48/67 MP: 0/0
  7467 | D:6      | Killed Blork the orc
  7857 | D:6      | Identified 2 scrolls of acquirement
  7857 | D:6      | Acquired the ring "Taschych" {rF+ rC+}
  7861 | D:6      | Acquired a +1 vampiric broad axe
  7967 | D:7      | Found an iron altar of Okawaru.
  8011 | D:7      | Reached skill level 1 in Axes
  8029 | D:7      | Noticed Prince Ribbit
  8036 | D:7      | Killed Prince Ribbit
  8097 | D:7      | Reached ** piety under Makhleb
  8201 | D:7      | Found a basalt altar of Yredelemnul.
  8397 | D:7      | Found an opulent altar of Gozag.
  8418 | D:7      | Found an ornate altar of the Wu Jian Council.
  8800 | D:8      | Found a hazy altar of Hepliaklqana.
  8823 | D:8      | Noticed a two-headed ogre
  8842 | D:8      | Killed a two-headed ogre
  8843 | D:8      | Reached skill level 5 in Fighting
  8843 | D:8      | Reached skill level 10 in Spellcasting
  8843 | D:8      | Reached skill level 5 in Evocations
  8981 | D:8      | Noticed a skeletal warrior
  9066 | D:8      | Noticed a two-headed ogre
  9079 | D:8      | Killed a two-headed ogre
  9080 | D:8      | Reached XP level 11. HP: 70/76 MP: 0/0
  9080 | D:8      | Learned a level 5 spell: Bolt of Magma
  9233 | D:8      | Killed a skeletal warrior
  9482 | D:8      | Found the +5 scythe "Finisher" {speed, eviscerate}
 10041 | D:9      | Noticed a brown ugly thing
 10047 | D:9      | Killed a brown ugly thing
 10324 | D:9      | Reached *** piety under Makhleb
 10505 | D:9      | Found Rirejimaung's Jewellery Shop.
 10530 | D:9      | Found Jophobam's Magic Scroll Emporium.
 10546 | D:9      | Bought a scroll of enchant weapon for 112 gold pieces
 11032 | D:10     | Entered Level 10 of the Dungeon
 11243 | D:10     | Noticed a two-headed ogre
 11248 | D:10     | Killed a two-headed ogre
 11257 | D:10     | Reached skill level 11 in Spellcasting
 11932 | D:10     | Reached XP level 12. HP: 56/85 MP: 0/0
 12086 | D:11     | Noticed a death yak
 12087 | D:11     | Noticed a death yak
 12095 | D:11     | Noticed a death yak
 12098 | D:11     | Killed a death yak
 12098 | D:11     | Killed a death yak
 12106 | D:11     | Killed a death yak
 12109 | D:11     | Reached **** piety under Makhleb
 12282 | D:11     | Found a staircase to the Lair.
 12328 | D:11     | Reached skill level 5 in Axes
 12913 | D:11     | Noticed Fannar
 12919 | D:11     | Killed from afar by Fannar

Illustrated notes

Levels and vault maps discovered:
D:1:      psy_arrival_spokes, layout_rooms, basic_ecumenical_altar,
          grunt_decor_resistance
D:2:      layout_loops_ring, basic_altar, uniq_crazy_yiuf_cottage
D:3:      layout_basic, vehumet_altar_wand_db, old_standard_altar
D:4:      layout_loops_ring, fedhas_altar_1, elyvilon_altar_5,
          mainiacjoe_overflow_boulevard, minmay_temple_entry_antechambers
D:5:      layout_loops_ring, gammafunk_temple_overflow_elements, uniq_edmund
D:6:      layout_basic, kennysheep_cross_bottleneck, kennysheep_potato,
          uniq_blork_the_orc
D:7:      layout_rooms, lemuel_tele_altar, mainiacjoe_overflow_big_doors,
          overflow_temple_1_default, uniq_prince_ribbit1
D:8:      layout_rooms, general_overflow_altar, minmay_guarded_unrand_finisher
D:9:      layout_loops_cross, nicolae_wooded_promenade
D:10:     layout_cave_pools, serial_column_ruins, column_ruins_hut,
          column_ruins_grid_4, column_ruins_columns_plus, column_ruins_grid_2,
          column_ruins_open_tiny
D:11:     cheibrodos_helix_gallery, layout_stronghold, dpeg_lair_monsters,
          orc_david_3, uniq_fannar
Temple:   cyrus_temple_forest

Skill      XL: |  1  2  3  4  5  6  7  8  9 10 11 12 |
---------------+-------------------------------------+-----
Spellcasting   | 3 4 5 6 8 9 10 11 | 11.5
Fighting       | 1 3 5 7 |  7.7
Evocations     | 1 3 5 7 |  7.7
Axes           | 2 4 5 |  5.1
Dodging        | |  2.1
Stealth        | |  1.5

Action                   |  1- 3 |  4- 6 |  7- 9 | 10-12 || total
-------------------------+-------+-------+-------+-------++-------
Melee: Unarmed           |       |       |     3 |       ||     3
       Staff             |       |       |       |     1 ||     1
 Cast: Sting             |    38 |     7 |    23 |     7 ||    75
       Poisonous Vapours |    12 |     2 |    29 |    49 ||    92
       Foxfire           |    33 |    78 |   124 |   145 ||   380
       Olgreb's Toxic Ra |       |     2 |     4 |    29 ||    35
       Mephitic Cloud    |       |       |     1 |     1 ||     2
       Stone Arrow       |       |       |    11 |    11 ||    22
       Gell's Gravitas   |       |       |     1 |     1 ||     2
       Bolt of Magma     |       |       |       |    47 ||    47
  Use: Potion            |     1 |       |       |     1 ||     2
       Scroll            |       |     3 |       |    18 ||    21
Armor: Robe              |     9 |    14 |    18 |     6 ||    47
       Steam dragon scal |       |       |       |    12 ||    12
Dodge: Dodged            |    17 |    19 |    24 |    31 ||    91
